AoeStats
← VeX

Hideout

509925684Analyzed
1v1 RM · 2d ago on Sep 28, 2026· 36m 51s· 2 players
Game mode
Random Map
Map size
Tiny (2 player)
Population
200
Speed
Normal
Resources
Standard
Victory
Conquest
Starting age
Dark Age
Ending age
Imperial Age
RankedLock teamsTeams togetherTeam positionsShared explorationLock speedFull tech treeHidden civsTurbo modeCheats
Victory
Defeat
🇪🇸 Franks · Spain
1000
+17
🇸🇮 Danes · Slovenia
1017
-17
VeX
11:35 Feudal Age
15:17 Castle Age
14:48 Double-Bit Axe
15:25 Gold Mining
17:13 Scale Barding Armor
19:26 Husbandry
21:33 Loom
24:07 Bow Saw
24:37 Gold Shaft Mining
24:52 Forging
26:58 Chain Barding Armor
27:17 Wheelbarrow
36:28 Hand Cart
TheRustyHammer
10:36 Feudal Age
11:37 Loom
15:12 Castle Age
13:41 Double-Bit Axe
14:54 Horse Collar
16:13 Town Watch
21:48 Scale Mail Armor
22:59 Bow Saw
Connection lost

Rejoining the realm…

Still unreachable

The connection could not be restored.

Session expired

The server has moved on; the page needs a fresh start.